Map: Lightshade LE

Players

Reynor

  • Race: Zerg Zerg
  • Spawn Location: 5:00

ByuN - Winner!

  • Race: Terran Terran
  • Spawn Location: 11:00

Event: ASUS ROG Online 2020

VOD

Have the link to the VOD?

Description

Time

  • Played on: Nov. 27, 2020, 12:15 p.m.
  • Length: 12:37

All games in this series

Show
View Real Time Build Order
Export as new Build Order

Reynor Zerg 

Build Orders: Hatch First 

Get SALT Encoding   

  12  0:00  Drone  
  13  0:12  Overlord  
  13  0:16  Drone  
  14  0:31  Drone x2  
  16  0:49  Hatchery  
  15  0:52  Drone  
  15  0:55  Drone  
  17  0:59  Drone  
  18  1:09  Extractor  
  17  1:14  Spawning Pool  
  17  1:18  Drone  
  17  1:21  Drone  
  18  1:28  Drone  
  19  1:39  Drone  
  20  1:50  Overlord  
  20  2:01  Zergling x4, Queen  
  22  2:02  Queen  
  26  2:11  Drone  
  26  2:12  Drone  
  28  2:16  Metabolic Boost  
  28  2:22  Drone  
  29  2:23  Drone  
  30  2:33  Drone x2  
  31  2:38  Spore Crawler  
  31  2:41  Spore Crawler  
  31  2:43  Queen  
  31  2:44  Drone x2  
  34  2:54  Overlord  
  34  2:55  Drone  
  34  2:57  Pneumatized Carapace  
  35  3:08  Hatchery  
  35  3:10  Drone  
  35  3:13  Drone  
  35  3:15  Drone  
  35  3:17  Drone  
  38  3:23  Queen  
  38  3:26  Overlord  
  40  3:29  Drone  
  40  3:31  Zergling x2  
  40  3:32  Zergling x2  
  43  3:41  Overlord  
  43  3:47  Drone x5  
  48  3:52  Zergling x6  
  51  3:57  Overlord  
  51  4:02  Drone x2  
  53  4:07  Queen  
  53  4:09  Drone  
  56  4:13  Extractor, Drone  
  56  4:14  Evolution Chamber  
  55  4:19  Drone x3  
  55  4:23  Drone x3  
  61  4:31  Overlord  
  61  4:33  Drone  
  61  4:34  Zergling x2  
  63  4:39  Queen, Drone x3  
  63  4:42  Zerg Ground Armor Level 1, Zergling x2  
  63  4:43  Zergling x2  
  70  4:46  Drone  
  70  4:52  Drone x3  
  74  4:53  Drone  
  74  4:56  Drone  
  74  4:57  Lair  
  76  5:00  Drone  
  76  5:03  Overlord  
  77  5:09  Drone x2, Baneling Nest  
  77  5:10  Extractor  
  77  5:13  Queen  
  79  5:15  Drone  
  79  5:17  Zergling x2  
  81  5:21  Drone  
  81  5:23  Drone x2  
  81  5:25  Zergling x2  
  81  5:28  Zergling x4  
  87  5:29  Overlord  
  87  5:34  Hatchery  
  86  5:37  Drone x3  
  86  5:40  Zergling x2, Extractor  
  89  5:46  Overlord x2  
  89  5:47  Overlord  
  89  5:50  Zergling x2  
  89  5:51  Zergling x4  
  89  5:53  Baneling x3  
  89  5:54  Baneling x5  
  89  5:55  Queen  
  94  5:57  Zergling x6  
  94  5:59  Centrifical Hooks  
  97  6:09  Zergling x12  
  98  6:17  Queen, Drone  
  94  6:20  Zergling x4, Evolution Chamber  
  94  6:24  Drone x6  
  101  6:28  Baneling x4  
  101  6:34  Zergling x8  
  101  6:35  Baneling x6  
  101  6:36  Drone  
  101  6:39  Zerg Melee Weapons Level 1  
  106  6:40  Drone  
  106  6:44  Zergling x2, Spore Crawler  
  107  6:47  Drone x3  
  107  6:51  Queen  
  112  6:55  Overlord  
  112  6:57  Drone x2  
  112  7:00  Zergling x2  
  114  7:08  Zergling x18  
  119  7:10  Overlord  
  121  7:18  Drone x3  
  121  7:21  Drone  
  124  7:23  Baneling x7  
  124  7:29  Drone x3  
  127  7:33  Hatchery, Baneling x6  
  127  7:36  Zergling x12  
  132  7:37  Zergling x2  
  132  7:38  Zergling x2  
  132  7:39  Zergling x4  
  132  7:41  Zergling x2, Infestation Pit  
  132  7:42  Zergling x4  
  136  7:45  Overlord x4  
  136  7:51  Baneling x5  
  136  7:55  Extractor, Overlord  
  135  8:02  Overlord  
  135  8:06  Drone x9  
  135  8:08  Baneling x5  
  135  8:09  Drone x5  
  135  8:12  Zergling x2  
  150  8:13  Zergling x4, Hatchery  
  150  8:14  Zergling x2  
  150  8:16  Zergling x2  
  150  8:19  Zergling x6  
  156  8:20  Hive  
  156  8:22  Extractor  
  156  8:25  Spore Crawler  
  152  8:28  Zergling x4  
  152  8:30  Drone x2  
  141  8:34  Zergling x6  
  141  8:37  Zergling x2  
  141  8:38  Zergling x6, Overseer  
  141  8:39  Zerg Melee Weapons Level 2  
  148  8:43  Extractor  
  148  8:45  Zergling x18  
  156  8:50  Baneling x5  
  156  8:53  Zergling x4  
  158  9:00  Zergling x4, Spore Crawler  
  159  9:03  Drone  
  159  9:05  Zergling x4  
  159  9:07  Drone  
  159  9:09  Spore Crawler  
  158  9:13  Zergling x2  
  158  9:14  Zergling x12  
  158  9:15  Zergling x2  
  166  9:18  Drone  
  166  9:19  Queen, Evolution Chamber  
  156  9:24  Zergling x12  
  156  9:26  Drone x2  
  161  9:31  Zergling x4  
  161  9:38  Zergling x4  
  165  9:44  Zergling x8  
  163  9:50  Drone x2  
  163  9:51  Drone x2  
  163  9:52  Zergling x8  
  152  9:54  Zergling x6  
  143  10:02  Zergling x6, Ultralisk Cavern  
  143  10:03  Zergling x4, Extractor  
  140  10:09  Zergling x12, Queen  
  145  10:14  Zergling x8  
  145  10:15  Zergling x2  
  143  10:25  Zergling x10  
  147  10:28  Baneling x11  
  147  10:33  Drone x5  
  147  10:34  Drone x2  
  151  10:35  Extractor  
  151  10:36  Baneling x7  
  151  10:41  Drone x5  
  154  10:43  Drone x3  
  154  10:44  Zergling x4, Hatchery  
  154  10:46  Zergling x4  
  160  10:50  Zergling x6  
  160  10:56  Zergling x4  
  150  11:02  Zergling x10  
  139  11:05  Zergling x8  
  139  11:08  Zergling x6  
  138  11:13  Ultralisk x3  
  138  11:14  Chitinous Plating  
  138  11:17  Baneling x8  
  151  11:22  Zergling x2, Ultralisk  
  151  11:26  Zergling x10  
  151  11:30  Ultralisk  
  147  11:37  Ultralisk  
  141  11:45  Drone x4  
  141  11:46  Spawning Pool, Drone x2  
  137  11:52  Baneling x2  
  137  11:53  Baneling x9  
  135  12:01  Drone x3  
  135  12:02  Drone  
Show
View Real Time Build Order
Export as new Build Order

ByuN Terran - Winner!

Build Orders: Reaper Expand 

Get SALT Encoding   

  12  0:00  SCV  
  13  0:12  SCV  
  14  0:17  Supply Depot  
  14  0:24  SCV  
  15  0:38  SCV  
  15  0:39  Barracks  
  16  0:43  Refinery  
  16  0:50  SCV  
  17  1:03  SCV  
  18  1:15  SCV  
  19  1:26  Reaper  
  19  1:27  Orbital Command  
  20  1:37  Command Center  
  20  1:47  Supply Depot  
  20  1:52  SCV  
  21  1:57  Marine  
  22  2:02  Factory  
  22  2:05  SCV  
  23  2:16  Barracks  
  23  2:20  Barracks Reactor  
  23  2:21  SCV  
  24  2:33  SCV  
  25  2:45  SCV  
  25  2:50  Command Center  
  26  2:54  Orbital Command  
  26  2:57  SCV  
  29  3:06  Barracks Reactor  
  29  3:08  Barracks Tech Lab  
  29  3:09  SCV  
  28  3:13  Hellion  
  28  3:15  Hellion  
  32  3:21  SCV x2  
  34  3:28  Stimpack, Marine  
  34  3:32  Refinery  
  34  3:33  SCV x2  
  37  3:40  Hellion x2  
  41  3:43  Marine  
  41  3:45  Marine  
  41  3:47  SCV x2  
  45  3:49  Marine  
  46  4:01  SCV x2  
  48  4:03  Marine  
  48  4:04  Marine  
  48  4:07  Orbital Command  
  48  4:08  Marine  
  51  4:13  SCV x2  
  57  4:17  Hellion x2  
  57  4:18  Starport  
  57  4:23  Supply Depot  
  57  4:25  SCV x2  
  59  4:32  SCV  
  59  4:34  Marine  
  59  4:35  Supply Depot  
  61  4:44  Marine x2  
  61  4:45  Supply Depot, SCV x2  
  65  4:48  SCV  
  65  4:50  Armory  
  65  4:52  Refinery  
  66  4:57  Marine  
  67  5:00  Medivac  
  67  5:01  Medivac  
  67  5:02  Marine x2  
  67  5:03  SCV x2  
  67  5:04  SCV  
  76  5:08  Factory Tech Lab  
  76  5:13  Supply Depot, Refinery  
  76  5:14  Supply Depot  
  76  5:15  Marine  
  76  5:18  SCV x2  
  76  5:19  Orbital Command  
  76  5:20  Marine x2  
  81  5:24  Engineering Bay  
  81  5:27  Engineering Bay  
  81  5:30  SCV x2  
  81  5:32  Marine  
  84  5:38  Marine x2  
  87  5:42  SCV  
  87  5:43  SCV  
  87  5:47  Starport Reactor  
  88  5:50  Barracks, Marine  
  88  5:54  SCV  
  88  5:55  SCV  
  88  5:56  Terran Infantry Armor Level 1, Terran Infantry Weapons Level 1, Marine x2  
  94  5:59  Orbital Command  
  93  6:08  Marine  
  88  6:13  Marine  
  88  6:14  Siege Tank, Marine  
  88  6:17  SCV  
  79  6:26  Barracks, SCV x2, Marine  
  79  6:28  Barracks  
  79  6:31  Medivac x2, Marine  
  87  6:33  Marine  
  87  6:36  SCV  
  87  6:38  SCV  
  90  6:42  SCV  
  90  6:44  Marine  
  90  6:45  Supply Depot  
  92  6:47  Supply Depot  
  92  6:48  Siege Tank  
  92  6:49  Marine  
  92  6:51  Marine x2  
  92  6:53  SCV x2  
  100  6:56  SCV  
  100  6:57  Supply Depot  
  101  7:06  Marine x2  
  101  7:07  Supply Depot, Marine  
  103  7:09  SCV x3, Marine x2  
  103  7:15  Medivac x2  
  112  7:18  Barracks Reactor x2  
  112  7:21  SCV x3  
  115  7:26  Refinery  
  115  7:27  Supply Depot  
  115  7:30  Factory  
  115  7:36  Missile Turret  
  115  7:37  Terran Vehicle And Ship Armor Level 1  
  115  7:38  Marine x4  
  115  7:39  Supply Depot, Marine  
  115  7:40  Siege Tank  
  115  7:42  SCV  
  115  7:43  SCV  
  125  7:44  Supply Depot  
  125  7:49  SCV  
  126  7:57  Command Center  
  126  7:58  Marine x2  
  126  7:59  Marine x4  
  126  8:00  Marine x2  
  126  8:01  Marine  
  126  8:05  Liberator x2  
  138  8:12  Supply Depot  
  141  8:13  Terran Infantry Armor Level 2  
  141  8:14  Combat Shield  
  141  8:24  Factory Reactor  
  141  8:25  Marine  
  141  8:26  Marine x5  
  145  8:28  Marauder  
  144  8:35  Supply Depot, Factory Reactor  
  144  8:37  Marine x2  
  146  8:42  Drilling Claws, Widow Mine  
  146  8:43  Marine x2  
  146  8:44  Marine x2  
  152  8:49  Marauder  
  152  8:51  Barracks  
  152  8:52  Barracks x2  
  154  9:01  Medivac x2  
  154  9:02  Marine x7  
  163  9:03  Marine  
  163  9:09  Supply Depot  
  168  9:11  Marauder  
  168  9:12  Widow Mine  
  168  9:16  Terran Infantry Weapons Level 2  
  170  9:22  Marine x2  
  172  9:30  Marine x6  
  176  9:32  Marauder  
  176  9:33  Concussive Shells  
  178  9:40  Barracks Tech Lab  
  178  9:41  Barracks Tech Lab x2  
  170  9:53  Marauder  
  170  9:54  Marine  
  170  9:56  Marine x4  
  170  9:59  Widow Mine x2  
  168  10:02  Marauder, Marine  
  168  10:03  Marauder, Marine x3  
  169  10:08  Widow Mine  
  169  10:09  Planetary Fortress  
  169  10:12  Marine  
  169  10:14  Marine x4  
  173  10:15  Marauder  
  173  10:18  SCV x2  
  173  10:20  Widow Mine, Marine  
  173  10:21  Marauder, Marine x2  
  178  10:26  Medivac x2  
  182  10:29  Marine x2  
  182  10:30  Marine  
  182  10:31  Marine  
  186  10:36  Marauder  
  186  10:41  Marine  
  186  10:42  Marine x5  
  192  10:43  Marauder  
  192  10:47  Marauder  
  192  10:48  Marauder  
  177  10:57  Marine x2  
  177  10:58  Marauder  
  177  10:59  Widow Mine x2  
  177  11:03  Widow Mine, Marine x2  
  189  11:04  Marauder, Marine  
  189  11:09  Marauder x2  
  189  11:10  Medivac x2, Marine  
  189  11:11  Marine  
  191  11:18  Marine x2  
  190  11:19  Marauder  
  190  11:20  Widow Mine  
  190  11:22  Marine x2  
  196  11:25  Command Center  
  196  11:29  Widow Mine  
  196  11:31  Widow Mine  
  195  11:33  Marauder  
  195  11:34  Marauder  
  195  11:35  Marauder  
  195  11:38  Marine x5  
  193  11:40  Medivac  
  193  11:44  SCV  
  193  11:45  Command Center, SCV  
  196  11:47  Medivac, Marauder, Widow Mine  
  194  11:54  Marine  
  193  12:03  Marauder  
  196  12:08  Marauder  
  196  12:10  Marine  
Tags
 
Add a new tag
Caveats
  • Supply blocks, unpowered buildings, or Contaminate may cause inaccurate times.
  • Supply counts are checked every 10 seconds.